 Dungeon Crawl Stone Soup version 0.28-a0-998-gb9e9c7b67e (webtiles) character file.

Game seed: 16559117833307577575

1 bearlyready the Sneak (level 1, -3/19 HPs)
             Began as a Ghoul Delver on Dec 5, 2021.
             Slain by a phantom (7 damage)
             ... on level 5 of the Dungeon.
             The game lasted 00:00:12 (47 turns).

bearlyready the Sneak (Ghoul Delver)                  Turns: 47, Time: 00:00:12

Health: -3/19      AC:  5    Str: 15    XL:     1   Next: 20%
Magic:  0/0        EV: 10    Int:  5    God:
Gold:   0          SH:  0    Dex: 10    Spells: 0/0 levels left

rFire   . . .      SeeInvis .     - Unarmed
rCold   + . .      Faith    .   (no shield)
rNeg    + + +      Spirit   .   g - +0 ring mail
rPois   ∞          Reflect  .   (no helmet)
rElec   .          Harm     .   (no cloak)
rCorr   .          Rampage  .   (no gloves)
Will    .....                   (no boots)
Stlth   ++........              (no amulet)
HPRegen 0.00/turn               (no ring)
MPRegen 0.07/turn               (no ring)

@: inhibited regen, hasted, very quick
A: claws 1, cold resistance 1, negative energy resistance 3, inhibited
regeneration, torment resistance 2
a: no special abilities


You were on level 5 of the Dungeon.
You visited 1 branch of the dungeon, and saw 1 of its levels.

Inventory:

Armour
 a - a +0 leather armour
 g - a +0 ring mail (worn)
Wands
 f - a wand of digging (3)
Scrolls
 b - a scroll of fog
 c - a scroll of magic mapping
 d - a scroll of fear
 i - 3 scrolls of enchant weapon {unknown}
Potions
 h - a potion of degeneration {unknown}


   Skills:
 - Level 3.2 Fighting
 - Level 1.7 Dodging
 - Level 5.4 Stealth
 + Level 2.3 Unarmed Combat


You couldn't memorise any spells.
You didn't know any spells.
Your spell library was empty.

Dungeon Overview and Level Annotations

Branches:
Dungeon (5/15)
 Temple: D:4-7

Altars:


Innate Abilities, Weirdness & Mutations

You thrive by killing the living.
You are immune to poison.
You have sharp fingernails.
Your flesh is cold resistant. (rC+)
You are immune to negative energy. (rN+++)
You do not regenerate when monsters are visible.
You are immune to unholy pain and torment.


Message History

You continue putting on your +0 ring mail. x5
You finish putting on your +0 ring mail.
Found a runed trident.
h - an orange potion A quokka comes into view.
Found 3 scrolls labelled ORCHUR OXUSIASED.
A quokka is nearby!
The quokka closely misses you. The quokka completely misses you.
You barely miss the quokka.
The quokka bites you but does no damage.
You scratch the quokka.
The quokka is almost dead.
The quokka bites you but does no damage.
You scratch the quokka.
You kill the quokka!
No target in view!
i - 3 scrolls labelled ORCHUR OXUSIASED A phantom comes into view.
A phantom is nearby!
You feel yourself speed up.
You scratch the phantom.
The phantom is lightly damaged.
The phantom hits you!
You are too injured to fight recklessly!
You are too injured to fight recklessly!
You are too injured to fight recklessly!
You are too injured to fight recklessly!
You are too injured to fight recklessly!
You are too injured to fight recklessly!
You miss the phantom.
The phantom is lightly damaged.
The phantom hits you!
* * * LOW HITPOINT WARNING * * *
The phantom blinks!
You blink.
You closely miss the phantom.
The phantom is lightly damaged.
You miss the phantom.
The phantom is lightly damaged.
The phantom hits you!
You die...

############
#......>...###
#.########.#.###.#
.......§.....#
.......§..###.#
.....##..## ...#.
#..######. .. #
#......... .
###@#...#..#
###..W.......#
##..##..#.....#
#.###)#..#...$#
####.# #......# ##
..#...# ......#
#..... ..#..


You could see a phantom.

Vanquished Creatures
  A quokka (D:5)
1 creature vanquished.

Notes
Turn   | Place    | Note
-------+----------+-------------------------------------------
     0 | D:5      | bearlyready the Ghoul Delver began the quest for the Orb.
     0 | D:5      | Reached XP level 1. HP: 19/19 MP: 0/0
    35 | D:5      | Noticed a phantom
    47 | D:5      | Slain by a phantom

Illustrated notes

Levels and vault maps discovered:
D:5:      layout_loops_ring, general_overflow_altar, minmay_increasing_density,
          uniq_sigmund, uniq_menkaure

Action                   || total
-------------------------++-------
Melee: Unarmed           ||     7
  Use: Potion            ||     1
Armor: Ring mail         ||     2
Dodge: Dodged            ||     2

Table legend: (Time is in decaauts)
 A = Elapsed time spent in this place.
 B = Non-inter-level travel time spent in this place.
 C = Inter-level travel time spent in this place.
 D = Time resting spent in this place.
 E = Time spent auto-exploring this place.
 F = Levels seen in this place.
 G = Mean time per level.
                   A        B        C        D        E       F      G
               +--------+--------+--------+--------+--------+-----+--------+
         Total |     45 |     45 |      0 |      0 |     14 |   1 |   45.0 |
       Dungeon |     45 |     45 |      0 |      0 |     14 |   1 |   45.0 |
               +--------+--------+--------+--------+--------+-----+--------+

Top non-repeatable levels by time:
     D:5: 45 daAuts
